 Dungeon Crawl Stone Soup version 0.27.1-33-g824d729ab1 (webtiles) character file.

Game seed: 14874798108124182074

18 SensoryNuts the Firebug (level 2, -12/17 HPs)
             Began as an Octopode Fire Elementalist on Dec 6, 2021.
             Mangled by a kobold (18 damage)
             ... on level 1 of the Dungeon.
             The game lasted 00:02:53 (2120 turns).

SensoryNuts the Firebug (OpFE)                      Turns: 2120, Time: 00:02:54

Health: -12/17     AC:  1    Str:  7    XL:     2   Next: 66%
Magic:  13/14      EV: 13    Int: 17    God:
Gold:   33         SH:  0    Dex: 12    Spells: 4/5 levels left

rFire    . . .     SeeInvis .   a - +0 club
rCold    . . .     Faith    .   (no shield)
rNeg     . . .     Spirit   .   f - +0 hat
rPois    .         Reflect  .   (no amulet)
rElec    .         Harm     .   d - ring of magical power
rCorr    .         Rampage  .   (no ring)
Will     .....                  (no ring)
Stlth    +++.......             (no ring)
HPRegen  0.05/turn              (no ring)
MPRegen  0.14/turn              (no ring)
                                (no ring)
                                (no ring)

@: no status effects
A: almost no armour, amphibious, 8 rings, camouflage 1, gelatinous body 1,
(nimble swimmer 1), tentacles
a: no special abilities


You were on level 1 of the Dungeon.
You visited 1 branch of the dungeon, and saw 1 of its levels.

You collected 33 gold pieces.

Inventory:

Hand Weapons
 a - a +0 club (weapon)
Missiles
 g - 10 poisoned darts
Armour
 c - a +0 robe
 f - a +0 hat (worn)
Jewellery
 d - a ring of magical power (left tentacle)
Scrolls
 e - a scroll of fog {unknown}
Potions
 b - a potion of lignification {unknown}


   Skills:
 + Level 2.2 Dodging
 + Level 2.6 Stealth
 + Level 2.3 Spellcasting
 + Level 1.3 Conjurations
 + Level 3.3 Fire Magic


You had 4 spell levels left.
You knew the following spells:

 Your Spells              Type           Power      Damage    Failure   Level
a - Foxfire               Conj/Fire      36%        2x1d5     8%          1

Your spell library contained the following spells:

 Spells                   Type           Power      Damage    Failure   Level
 Conjure Flame            Conj/Fire      9%         6-21      22%         3
 Inner Flame              Hex/Fire       7%         N/A       28%         3
 Sticky Flame             Conj/Fire      9%         2d3       58%         4
 Fireball                 Conj/Fire      4%         3d4       90%         5


Dungeon Overview and Level Annotations

Branches:
Dungeon (1/15)

Altars:

Shops:
D:1 [


Innate Abilities, Weirdness & Mutations

You cannot wear most types of armour.
You are amphibious.
You can wear up to eight rings at the same time.
Your skin changes colour to match your surroundings (Stealth+).
Your rubbery body absorbs attacks. (AC +1, EV +1)
((You are camouflaged near water. (Stealth+)))
You have tentacles for arms and can constrict up to eight enemies at once.


Message History

Found 15 sling bullets.
You see here 15 sling bullets.
Found a faded altar of an unknown god.
There is a faded altar of an unknown god here.
You see here 15 sling bullets.
Found 12 stones.
Found 10 poisoned darts.
You see here 10 poisoned darts.
g - 10 poisoned darts
There are no items here.
You see here a hobgoblin skeleton.
There are no objects that can be picked up here. a hobgoblin skeleton You start waiting.
Done waiting.
You start waiting.
Done waiting.
You see here 12 stones.
Found 13 gold pieces.
You now have 33 gold pieces (gained 13).
A kobold comes into view.
It is wielding a +1 whip of electrocution.
The kobold shouts!
A kobold is nearby!
A kobold is nearby!
You miss the kobold. Your grab misses the kobold.
The kobold closely misses you.
The kobold hits you with a +1 whip of electrocution.
You hit the kobold but do no damage. Your grab misses the kobold.
The kobold barely misses you.
You hit the kobold but do no damage. Your grab misses the kobold.
The kobold hits you with a +1 whip of electrocution.
You conjure some foxfire!
The kobold hits you with a +1 whip of electrocution.
You hit the kobold but do no damage. You grab the kobold.
You squeeze the kobold, but do no damage.
You constrict the kobold.
The kobold hits you with a +1 whip of electrocution.
You are electrocuted!!
Ouch! That really hurt!
You die...

#.####>..##.####..
#........##.......
#.####.#.##.#####.
##.## #.#.##.# #.
##...###......#####.
..........##.......
...###############
#K# # #@# #
#v########### ##
#...........#####.
#.................
###########.######
#.###### #.......
########


You could see a kobold (ally target).

Vanquished Creatures
  A ball python (D:1)
  4 endoplasms (D:1)
  A giant cockroach (D:1)
  A goblin (D:1)
  2 hobgoblins (D:1)
  A kobold (D:1)
  4 bats (D:1)
  A frilled lizard (D:1)
15 creatures vanquished.

Vanquished Creatures (others)
  29 foxfires (D:1)
29 creatures vanquished.

Grand Total: 44 creatures vanquished

Notes
Turn   | Place    | Note
-------+----------+-------------------------------------------
     0 | D:1      | SensoryNuts the Octopode Fire Elementalist began the quest
                  | for the Orb.
     0 | D:1      | Reached XP level 1. HP: 11/11 MP: 3/3
   751 | D:1      | Reached XP level 2. HP: 16/17 MP: 5/5
  1374 | D:1      | Found Xep Uhitt's Antique Armour Boutique.
  1622 | D:1      | Found a faded altar of an unknown god.
  2120 | D:1      | Mangled by a kobold

Illustrated notes

Levels and vault maps discovered:
D:1:      sevenhm_arrival_forest_fort_small_5, layout_loops_ring, serial_shops,
          nicolae_shop_stone, chequers_ecumenical_altar_grove

Action                   || total
-------------------------++-------
Melee: Club              ||    29
       Tentacles         ||     5
       Unarmed           ||     4
       Constrict         ||    10
 Cast: Foxfire           ||    28
Armor: Skin              ||     6
Dodge: Dodged            ||    53
